[Event "Titled Tuesday Blitz April 25 Late 2023"]
[White "Popilski, Gil"]
[Black "Tymrakiewicz, Rafal"]
[WhiteFideId "2809060"]
[BlackFideId "1108832"]
[WhiteElo "2537"]
[BlackElo "2151"]
[Result "1-0"]
[Round "02"]
[TimeControl "180+2"]
[Date "2023.04.25"]
[WhiteClock "0:00:08"]
[BlackClock "0:00:07"]

1. e4 Nf6 2. d3 e5 3. f4 Nc6 4. Nf3 d5 5. fxe5 dxe4 6. exf6 exf3 7. fxg7 Bxg7 8. Qxf3 Nd4 9. Qf2 O-O 10. h3 Re8+ 11. Kd1 b5 12. c3 Ne6 13. Be3 b4 14. Kc2 Ba6 15. d4 bxc3 16. bxc3 Qd6 17. Nd2 Rab8 18. Bxa6 Qxa6 19. Rhf1 Re7 20. Nb3 c5 21. d5 Qc4 22. dxe6 Qxc3+ 23. Kd1 Rd8+ 24. Ke2 Qd3+ 25. Kf3 Rxe6 26. Kg3 Be5+ 27. Kh4 Rh6+ 28. Bxh6 Qg6 29. Qxf7+ Qxf7 30. Rxf7 Bxa1 31. Rxa7 c4 32. Nxa1 Rd4+ 33. g4 Rd2 34. Rg7+ Kf8 35. Rd7+ Kg8 36. Bxd2 c3 37. Bxc3 h5 38. Kxh5 Kf8 39. Bf6 1-0


[Site "https://www.chess.com"]

[Event "Titled Tuesday Blitz April 25 Late 2023"]
[White "Fajdetic, Hrvoje"]
[Black "Yanchenko, Roman"]
[WhiteFideId "14501945"]
[BlackFideId "4137329"]
[WhiteElo "2185"]
[BlackElo "2491"]
[Result "0-1"]
[Round "02"]
[TimeControl "180+2"]
[Date "2023.04.25"]
[WhiteClock "0:00:01"]
[BlackClock "0:00:44"]

1. d4 d5 2. Bf4 Nf6 3. e3 Bf5 4. c4 c6 5. Qb3 Qb6 6. c5 Qxb3 7. axb3 Bxb1 8. Rxb1 Nbd7 9. b4 a6 10. h3 g6 11. Nf3 Bg7 12. Nd2 O-O 13. Nb3 Ne8 14. Na5 Ra7 15. Be2 e5 16. dxe5 Bxe5 17. Bxe5 Nxe5 18. f4 Nd7 19. Bf3 Nc7 20. Kf2 Re8 21. Rhe1 Nf6 22. Rbd1 Re7 23. g4 Nb5 24. g5 Ne4+ 25. Bxe4 Rxe4 26. Rd2 Kg7 27. h4 h5 28. Kf3 Rxb4 29. e4 Nd4+ 30. Kf2 Ne6 31. exd5 cxd5 32. Rxd5 b6 33. Nc6 Rxb2+ 34. Kg3 Rc7 35. Ne5 Rxc5 36. Rd7 Rc3+ 37. Nf3 Rbb3 0-1


[Site "https://www.chess.com"]

[Event "Titled Tuesday Blitz April 25 Late 2023"]
[White "Weetik, Vjacheslav"]
[Black "Bueno, Alfeu Junior Varela"]
[WhiteFideId "4153472"]
[BlackFideId "2108879"]
[WhiteElo "2469"]
[BlackElo "2175"]
[Result "1-0"]
[Round "02"]
[TimeControl "180+2"]
[Date "2023.04.25"]
[WhiteClock "0:00:05"]
[BlackClock "0:00:02"]

1. d4 e6 2. c4 f5 3. g3 Nf6 4. Bg2 d5 5. Nh3 c6 6. O-O Bd6 7. Bf4 Be7 8. Nd2 O-O 9. Qc2 b6 10. Rac1 Ne4 11. Bxb8 Rxb8 12. Nf4 Nxd2 13. Qxd2 Qd7 14. Rc2 Bg5 15. cxd5 exd5 16. Rfc1 Bb7 17. e3 Bxf4 18. exf4 Rbe8 19. Bf3 Re6 20. Kg2 Rfe8 21. h4 Qe7 22. Qd3 Qf6 23. Qa3 Qxd4 24. Qxa7 R6e7 25. Qa3 b5 26. Qc5 Qxc5 27. Rxc5 Re1 28. R1c3 Ra8 29. a3 Rae8 30. Rb3 Ra1 31. Rc2 Ree1 32. Kh2 Kf7 33. Rbc3 Ke6 34. h5 Kd6 35. b4 Rab1 36. Rd2 Ra1 37. Rdd3 Rec1 38. Rxc1 Rxc1 39. Re3 Kd7 40. g4 fxg4 41. Bxg4+ Kd6 42. Re6+ Kc7 43. Re7+ Kb6 44. Rxg7 d4 45. Rxh7 d3 46. Rd7 Rc3 47. Bf5 Rxa3 48. Rxd3 Ra4 49. h6 Ra8 50. h7 Rh8 51. Rg3 Bc8 52. Rg8 Bxf5 53. Rxh8 c5 54. Rb8+ Kc7 55. h8=Q cxb4 56. Qe5+ 1-0


[Site "https://www.chess.com"]

[Event "Titled Tuesday Blitz April 25 Late 2023"]
[White "Papasimakopoulos, Alexandros"]
[Black "Rodriguez Santiago, Jaime"]
[WhiteFideId "4244125"]
[BlackFideId "3100898"]
[WhiteElo "2359"]
[BlackElo "2025"]
[Result "1-0"]
[Round "02"]
[TimeControl "180+2"]
[Date "2023.04.25"]
[WhiteClock "0:00:21"]
[BlackClock "0:00:04"]

1. d4 Nf6 2. c4 e6 3. Nc3 d5 4. cxd5 exd5 5. Bg5 c6 6. e3 Be7 7. Bd3 O-O 8. Qc2 h6 9. Bh4 Nbd7 10. Nf3 Re8 11. O-O Nf8 12. h3 Be6 13. Rab1 Rc8 14. b4 b5 15. a4 a6 16. Rfd1 N6d7 17. Bg3 Nb6 18. axb5 axb5 19. e4 Nc4 20. Bxc4 bxc4 21. b5 cxb5 22. Rxb5 dxe4 23. Qxe4 Bf6 24. Be5 Bd7 25. Rd5 Qe7 26. Qf4 Bxe5 27. dxe5 Be6 28. Rd6 Ng6 29. Qe4 Rc5 30. Qd4 Ra5 31. Re1 Ra3 32. Nd5 Bxd5 33. Qxd5 Rc8 34. Nd4 Qg5 35. e6 Qxd5 36. Rxd5 fxe6 37. Nxe6 Ra7 38. Nd4 c3 39. g3 Rb7 40. Rc1 Ne7 41. Rd6 Rb2 42. Rd7 Ng6 43. Rd5 Nf8 44. Kg2 Nh7 45. Rd6 Nf6 46. Rc6 Rxc6 47. Nxc6 c2 48. Nd4 Ne4 49. Rxc2 Rb4 50. Nc6 Rb6 51. Ne7+ Kf7 52. Nd5 Rb1 53. Re2 Nf6 54. Ne3 Ra1 55. Nf5 Kg6 56. g4 Kf7 57. Re7+ Kf8 58. Rxg7 h5 59. g5 Ne4 60. g6 Ra5 61. Rf7+ Kg8 62. Nh6+ Kh8 63. Rh7# 1-0


[Site "https://www.chess.com"]

[Event "Titled Tuesday Blitz April 25 Late 2023"]
[White "Skibbe, Willi"]
[Black "Horton, Andrew P"]
[WhiteFideId "4682190"]
[BlackFideId "424269"]
[WhiteElo "2176"]
[BlackElo "2401"]
[Result "1/2-1/2"]
[Round "02"]
[TimeControl "180+2"]
[Date "2023.04.25"]
[WhiteClock "0:01:06"]
[BlackClock "0:00:04"]

1. d4 Nf6 2. c4 e6 3. Nf3 a6 4. Nc3 d5 5. c5 b6 6. cxb6 cxb6 7. Bf4 Bd6 8. Bxd6 Qxd6 9. e3 O-O 10. Bd3 Nc6 11. O-O Bd7 12. Rc1 Rfc8 13. Qe2 b5 14. e4 dxe4 15. Nxe4 Nxe4 16. Qxe4 g6 17. Rfd1 Nb4 18. Bb1 Bc6 19. Qe5 Qxe5 20. Nxe5 Bd5 21. a3 Nc6 22. Nd7 Nxd4 23. Nf6+ Kg7 24. Rxc8 Rxc8 25. Nxd5 exd5 26. Ba2 Rc2 27. Kf1 Rxb2 28. Bxd5 Nc2 29. Bb7 a5 30. Rd7 Nxa3 31. Bd5 Kf6 32. Rxf7+ Ke5 33. Bc6 h5 34. Ra7 a4 35. Be8 g5 36. Bxh5 Nc2 37. Be8 Nd4 38. g3 g4 39. Bxb5 Rxb5 40. Rxa4 Rb1+ 41. Kg2 Rb2 42. Ra5+ Kf6 43. Ra6+ Kg5 44. Ra5+ Nf5 45. h4+ gxh3+ 46. Kxh3 Rxf2 47. g4 Rf3+ 48. Kg2 Kxg4 49. Ra4+ Rf4 50. Rxf4+ Kxf4 1/2-1/2


[Site "https://www.chess.com"]

[Event "Titled Tuesday Blitz April 25 Late 2023"]
[White "Schmakel, Sam"]
[Black "Gonzalez, Francisco Silva"]
[WhiteFideId "2039311"]
[BlackFideId "1512285"]
[WhiteElo "2356"]
[BlackElo "2074"]
[Result "1-0"]
[Round "02"]
[TimeControl "180+2"]
[Date "2023.04.25"]
[WhiteClock "0:00:20"]
[BlackClock "0:00:30"]

1. c4 e6 2. Nf3 d5 3. e3 a6 4. b3 c5 5. cxd5 Qxd5 6. Nc3 Qd8 7. Bb2 Nf6 8. Be2 Nc6 9. O-O Be7 10. a3 O-O 11. Qc2 b6 12. Rfd1 h6 13. Rac1 Bb7 14. d4 cxd4 15. Nxd4 Nxd4 16. Rxd4 Qe8 17. Qd1 Rd8 18. b4 e5 19. Rxd8 Bxd8 20. h3 Qe6 21. Bf3 Bxf3 22. Qxf3 Qb3 23. Qe2 a5 24. b5 Be7 25. a4 Rc8 26. Ba1 Bb4 27. Rb1 Qc4 28. Qxc4 Rxc4 29. Rc1 Ba3 30. Rd1 Bb4 31. Na2 e4 32. Bxf6 gxf6 33. Rd4 Rxd4 34. exd4 Bd2 35. Kf1 f5 36. Ke2 Bf4 37. Nc3 Bc7 38. Nd5 Bd8 39. Ne3 Kg7 40. Nxf5+ Kg6 41. g4 h5 42. Ke3 hxg4 43. hxg4 Kf6 44. Kxe4 Kg5 45. f3 Bc7 46. d5 f6 47. d6 Bd8 48. Nd4 f5+ 49. Nxf5 Bf6 50. Nd4 Kh4 51. d7 Kg3 52. Ne6 1-0


[Site "https://www.chess.com"]

[Event "Titled Tuesday Blitz April 25 Late 2023"]
[White "De Souza, Cristiano Gomes"]
[Black "Sviridov, Valery"]
[WhiteFideId "2151758"]
[BlackFideId "4120680"]
[WhiteElo "2068"]
[BlackElo "2457"]
[Result "0-1"]
[Round "02"]
[TimeControl "180+2"]
[Date "2023.04.25"]
[WhiteClock "0:00:18"]
[BlackClock "0:02:24"]

1. d4 g6 2. c4 Bg7 3. Nf3 d6 4. Nc3 e5 5. dxe5 dxe5 6. Qxd8+ Kxd8 7. e4 f6 8. Be3 Be6 9. O-O-O+ Nd7 10. h3 Bh6 11. Bxh6 Nxh6 12. Be2 c6 13. Rd6 Ke7 14. Rhd1 Nf7 15. R6d2 a5 16. Kc2 Nc5 17. b3 Rhd8 18. Rxd8 Nxd8 19. Nd2 Nf7 20. f3 Nd6 21. Nf1 g5 22. Ne3 h5 23. a4 h4 24. Kb2 Ra6 25. Rd2 Rb6 26. Bd1 Nxc4+ 27. Nxc4 Bxc4 28. b4 axb4 29. Ne2 Bxe2 30. Rxe2 Ra6 31. Bb3 Nxa4+ 32. Bxa4 Rxa4 33. Kb3 b5 34. Rc2 Kd6 35. Rd2+ Kc5 36. Rc2+ Kb6 37. Rd2 Ra3+ 38. Kb2 Kc7 0-1


[Site "https://www.chess.com"]

[Event "Titled Tuesday Blitz April 25 Late 2023"]
[White "Gritsenko, Nikolai"]
[Black "Bogaudinov, Rushan"]
[WhiteFideId "14112493"]
[BlackFideId "4129288"]
[WhiteElo "2389"]
[BlackElo "1967"]
[Result "1-0"]
[Round "02"]
[TimeControl "180+2"]
[Date "2023.04.25"]
[WhiteClock "0:00:39"]
[BlackClock "0:00:05"]

1. d4 Nf6 2. Bg5 d5 3. Nd2 e6 4. e3 Be7 5. f4 c5 6. c3 Nc6 7. Bd3 c4 8. Bc2 b5 9. a3 a5 10. Ngf3 Ng4 11. Bxe7 Qxe7 12. Qe2 f5 13. h3 Nf6 14. Ne5 Bd7 15. g4 O-O-O 16. b4 a4 17. gxf5 exf5 18. Nxc6 Bxc6 19. Bxf5+ Kb7 20. Nf3 g6 21. Bc2 Nh5 22. Rg1 Rde8 23. Ne5 Qh4+ 24. Kd2 Qxh3 25. Qg4 Qxg4 26. Rxg4 Rhf8 27. Rh1 Kc7 28. Rg5 Nf6 29. Rh6 Re7 30. Ke2 Bd7 31. f5 Bxf5 32. Bxf5 gxf5 33. Rxf5 Re6 34. Rg5 Kd6 35. Rg7 Ne8 36. Rd7# 1-0


[Site "https://www.chess.com"]

[Event "Titled Tuesday Blitz April 25 Late 2023"]
[White "Marchesich, Giovanni"]
[Black "Rastbod, Ali"]
[WhiteFideId "2824790"]
[BlackFideId "12567477"]
[WhiteElo "2209"]
[BlackElo "2248"]
[Result "0-1"]
[Round "02"]
[TimeControl "180+2"]
[Date "2023.04.25"]
[WhiteClock "0:01:14"]
[BlackClock "0:01:29"]

1. d4 g6 2. Nf3 Bg7 3. e4 e6 4. Nc3 Ne7 5. Be3 h6 6. Qd2 d6 7. a4 Nbc6 8. Bc4 d5 9. Bd3 Nb4 10. e5 Nxd3+ 11. Qxd3 O-O 12. O-O a5 13. Ne2 b6 14. Qd2 Kh7 15. c3 Nf5 16. Nf4 Ba6 17. Rfe1 Rc8 18. b4 Bc4 19. Reb1 Rb8 20. Nd3 Re8 21. bxa5 bxa5 22. Nc5 Bf8 23. Nd3 Qd7 24. Nfe1 Rxb1 25. Rxb1 Qxa4 26. Nb2 Qb3 27. Nc2 Qa2 28. Qc1 Rb8 29. Bd2 Bd3 30. Ra1 Qxb2 0-1


[Site "https://www.chess.com"]

[Event "Titled Tuesday Blitz April 25 Late 2023"]
[White "Harish, Neeraj"]
[Black "Larino Nieto, David"]
[WhiteFideId "30958130"]
[BlackFideId "2256444"]
[WhiteElo "1965"]
[BlackElo "2506"]
[Result "0-1"]
[Round "02"]
[TimeControl "180+2"]
[Date "2023.04.25"]
[WhiteClock "0:00:03"]
[BlackClock "0:00:25"]

1. e4 d5 2. exd5 Qxd5 3. Nc3 Qa5 4. d4 Nf6 5. Nf3 Nc6 6. d5 Nb4 7. Bb5+ c6 8. dxc6 bxc6 9. Be2 Bf5 10. Nd4 O-O-O 11. O-O e5 12. Nb3 Rxd1 13. Nxa5 Rxf1+ 14. Bxf1 Nxc2 15. Rb1 Nd4 16. Ra1 Bb4 17. Nb3 Rd8 18. Bg5 h6 19. Bh4 Kc7 20. Bg3 Bd6 21. Rc1 Kd7 22. Ne2 Nxb3 23. axb3 Ne4 24. Nc3 Nxg3 25. hxg3 Rb8 26. Bc4 Be6 27. Rc2 f5 28. Re2 e4 29. g4 g6 30. gxf5 gxf5 31. g4 Rg8 32. Bxe6+ Kxe6 33. f3 Be5 34. Kf2 exf3 35. Kxf3 fxg4+ 36. Kg2 h5 37. Na4 h4 38. Nc5+ Kf5 39. Ne4 h3+ 40. Kg1 g3 0-1


[Site "https://www.chess.com"]

[Event "Titled Tuesday Blitz April 25 Late 2023"]
[White "Baltic, Fatih"]
[Black "Djokic, Mihailo"]
[WhiteFideId "12979090"]
[BlackFideId "976440"]
[WhiteElo "2200"]
[BlackElo "2294"]
[Result "1/2-1/2"]
[Round "02"]
[TimeControl "180+2"]
[Date "2023.04.25"]
[WhiteClock "0:00:42"]
[BlackClock "0:00:06"]

1. d4 Nf6 2. Bf4 g6 3. Nc3 d5 4. Qd2 Bg7 5. O-O-O Ne4 6. Nxe4 dxe4 7. f3 Qd5 8. fxe4 Qxa2 9. Qb4 Nc6 10. Qa3 Qxa3 11. bxa3 Nxd4 12. Bxc7 Bd7 13. Nf3 Nxc2 14. Kxc2 Rc8 15. Kb1 Rxc7 16. e3 Ba4 17. Rc1 Rxc1+ 18. Kxc1 O-O 19. Nd4 Rc8+ 20. Kb2 Rc2+ 21. Kb1 Rf2 22. Bc4 Rxg2 23. Rf1 e6 24. Rc1 Rxh2 25. Ba2 Bxd4 26. exd4 Rd2 27. d5 exd5 28. exd5 Rd1 29. Rxd1 Bxd1 30. d6 Ba4 31. Bd5 b6 32. Kb2 h5 33. Kc3 Kf8 34. Kd4 h4 35. Ke5 Bd7 36. Kf6 h3 37. Bxf7 Bc6 38. Bxg6 h2 39. Be4 Bd7 40. Bd5 Ke8 41. Ke5 Kd8 42. Kf4 Be6 43. Bc6 Bd7 44. Bd5 a5 45. Kg3 b5 46. Kxh2 Bf5 47. Bc6 Bd3 48. Kg3 b4 49. axb4 axb4 50. Ba4 Bc4 51. Kf4 b3 52. Ke5 b2 53. Bc2 Ba2 54. Kf6 b1=Q 55. Bxb1 Bxb1 56. Ke6 Ba2+ 57. Ke5 Kd7 58. Kd4 Kxd6 1/2-1/2


[Site "https://www.chess.com"]

[Event "Titled Tuesday Blitz April 25 Late 2023"]
[White "Smith, Garrett L"]
[Black "Jaracz, Pawel"]
[WhiteFideId "2024829"]
[BlackFideId "1102222"]
[WhiteElo "2047"]
[BlackElo "2438"]
[Result "0-1"]
[Round "02"]
[TimeControl "180+2"]
[Date "2023.04.25"]
[WhiteClock "0:00:09"]
[BlackClock "0:00:11"]

1. e4 e5 2. Nf3 Nc6 3. Bc4 Nf6 4. Ng5 d5 5. exd5 Nd4 6. c3 b5 7. Bf1 Nf5 8. Bxb5+ Bd7 9. Qe2 Bd6 10. Ne4 Nxd5 11. Nxd6+ cxd6 12. d4 O-O 13. dxe5 Bxb5 14. Qxb5 dxe5 15. O-O Rb8 16. Qa4 Qf6 17. Nd2 Qg6 18. Qe4 Nf4 19. g3 Nh3+ 20. Kg2 Ng5 21. Qe2 Rfe8 22. Kh1 Qc6+ 23. f3 Nd6 24. Nb3 Ne6 25. Qxe5 Rb5 26. Qe2 Rf5 27. Bd2 Ng5 28. Nd4 Rxe2 29. Nxc6 Nxf3 30. Rxf3 Rxf3 31. Bf4 Nf5 32. Rd1 h6 33. b4 Rff2 34. g4 Nh4 35. Bg3 Nf3 36. Bxf2 Rxf2 37. Rd8+ Kh7 38. h4 Rh2# 0-1


[Site "https://www.chess.com"]

[Event "Titled Tuesday Blitz April 25 Late 2023"]
[White "Zwirs, Nico"]
[Black "Garmash, Aliona"]
[WhiteFideId "1036432"]
[BlackFideId "34127620"]
[WhiteElo "2381"]
[BlackElo "1959"]
[Result "1-0"]
[Round "02"]
[TimeControl "180+2"]
[Date "2023.04.25"]
[WhiteClock "0:01:35"]
[BlackClock "0:00:18"]

1. e4 g6 2. d4 Bg7 3. Nc3 d6 4. Be3 a6 5. g4 b5 6. Bg2 Bb7 7. h4 h5 8. gxh5 Rxh5 9. Nge2 Nf6 10. Ng3 Rh8 11. h5 gxh5 12. Nxh5 Nxh5 13. Rxh5 Rxh5 14. Qxh5 e6 15. Qh7 Bf8 16. O-O-O Nd7 17. Rg1 Qe7 18. Bf3 O-O-O 19. Bh5 Nf6 20. Qxf7 Nxe4 21. Nxe4 Bxe4 22. Bg5 Qxf7 23. Bxf7 Bd5 24. Bxd8 Kxd8 25. Rg6 Ke7 26. Bg8 c5 27. dxc5 dxc5 28. f4 b4 29. f5 1-0


[Site "https://www.chess.com"]

[Event "Titled Tuesday Blitz April 25 Late 2023"]
[White "Antonova, Nadezhda"]
[Black "Kucuksari, Kaan"]
[WhiteFideId "14700182"]
[BlackFideId "6380166"]
[WhiteElo "1765"]
[BlackElo "2364"]
[Result "0-1"]
[Round "02"]
[TimeControl "180+2"]
[Date "2023.04.25"]
[WhiteClock "0:01:50"]
[BlackClock "0:00:59"]

1. Nf3 Nf6 2. b3 b6 3. Bb2 Bb7 4. g3 Bxf3 5. exf3 e6 6. Bg2 d5 7. O-O Be7 8. f4 O-O 9. d3 c6 10. Nd2 a5 11. a4 Na6 12. Nf3 Nd7 13. Ne5 Nxe5 14. fxe5 Rc8 15. Qe2 d4 16. f4 Nb4 17. Rac1 b5 18. Ra1 Qb6 19. Ba3 Rfe8 20. Be4 g6 21. Rf2 Nd5 22. Bb2 Ne3 23. Re1 Bb4 24. Ra1 Qc5 25. Bf3 Bc3 26. Ba3 b4 0-1


[Site "https://www.chess.com"]

[Event "Titled Tuesday Blitz April 25 Late 2023"]
[White "Bronstein, Or"]
[Black "Capp, Stephen"]
[WhiteFideId "2815770"]
[BlackFideId "2027089"]
[WhiteElo "2356"]
[BlackElo "1920"]
[Result "1-0"]
[Round "02"]
[TimeControl "180+2"]
[Date "2023.04.25"]
[WhiteClock "0:00:59"]
[BlackClock "0:01:16"]

1. Nf3 Nc6 2. d4 d5 3. Bf4 Bf5 4. e3 e6 5. Bd3 Bg6 6. O-O Nf6 7. c4 Bd6 8. Bxd6 cxd6 9. cxd5 Nxd5 10. e4 Nf4 11. Bc2 O-O 12. g3 Nh5 13. Nc3 e5 14. d5 Ne7 15. Nh4 Rc8 16. a4 f5 17. exf5 Nxf5 18. Bxf5 Rxf5 19. Nxf5 Qg5 20. Ne3 e4 21. Qg4 Qd8 22. Nxe4 Rc7 23. Rac1 Nf6 24. Qe6+ Kh8 25. Rxc7 Qxc7 26. Nxf6 gxf6 27. Qxf6+ Kg8 28. Ng4 1-0


[Site "https://www.chess.com"]

[Event "Titled Tuesday Blitz April 25 Late 2023"]
[White "Romero Ruscalleda, Josep"]
[Black "Nasuta, Grzegorz"]
[WhiteFideId "2231859"]
[BlackFideId "1141686"]
[WhiteElo "2183"]
[BlackElo "2449"]
[Result "0-1"]
[Round "02"]
[TimeControl "180+2"]
[Date "2023.04.25"]
[WhiteClock "0:00:17"]
[BlackClock "0:00:42"]

1. e4 c5 2. c3 Nf6 3. e5 Nd5 4. Nf3 d6 5. Bc4 e6 6. d4 cxd4 7. cxd4 Nc6 8. O-O Be7 9. Qe2 O-O 10. Rd1 Na5 11. Bd3 Nb4 12. Nc3 Nxd3 13. Qxd3 d5 14. g3 Bd7 15. h4 h6 16. Kg2 Rc8 17. Bf4 Nc4 18. Rab1 Qa5 19. Rdc1 Rc7 20. b3 Na3 21. Rb2 Rfc8 22. Ne2 Bb5 23. Rxc7 Rxc7 24. Qd2 Qxd2 25. Rxd2 Nc2 26. Neg1 Ba3 27. g4 Bc1 28. g5 Bxd2 29. Nxd2 hxg5 30. hxg5 Nxd4 31. Be3 Nf5 32. Bxa7 Rc2 33. Ngf3 Rxa2 34. Bc5 Bd3 35. b4 Be4 36. Kh3 Ra3 37. Kg4 Bxf3+ 38. Nxf3 Rb3 39. Kf4 b6 40. Bxb6 Rxb4+ 0-1


[Site "https://www.chess.com"]

[Event "Titled Tuesday Blitz April 25 Late 2023"]
[White "Lewicki, Miroslaw"]
[Black "Sailer, Mike"]
[WhiteFideId "1113380"]
[BlackFideId "2012901"]
[WhiteElo "2212"]
[BlackElo "2109"]
[Result "1-0"]
[Round "02"]
[TimeControl "180+2"]
[Date "2023.04.25"]
[WhiteClock "0:01:36"]
[BlackClock "0:00:26"]

1. g3 d5 2. Bg2 Nf6 3. Nf3 Bf5 4. O-O e6 5. d3 Be7 6. Re1 O-O 7. Nbd2 h6 8. c3 c5 9. Qc2 Nc6 10. e4 Bh7 11. b3 b5 12. Bb2 Rc8 13. Rad1 Re8 14. h4 Bf8 15. Nf1 Qb6 16. e5 Nd7 17. N1h2 c4 18. h5 Bxd3 19. Qd2 Be4 20. Ng4 Nc5 21. Nh4 Bxg2 22. Kxg2 Nd3 23. Re3 Nxb2 24. Qxb2 cxb3 25. axb3 Bc5 26. Rf3 b4 27. Qd2 bxc3 28. Nxh6+ gxh6 29. Qxh6 Nxe5 30. Qg5+ Kf8 31. Qxe5 Qxb3 32. Ng6+ Kg8 33. Qh8# 1-0


[Site "https://www.chess.com"]

[Event "Titled Tuesday Blitz April 25 Late 2023"]
[White "Korchmar, Vasiliy"]
[Black "Oliveira, Tiago Batista"]
[WhiteFideId "24131750"]
[BlackFideId "2108291"]
[WhiteElo "2370"]
[BlackElo "1962"]
[Result "1-0"]
[Round "02"]
[TimeControl "180+2"]
[Date "2023.04.25"]
[WhiteClock "0:02:00"]
[BlackClock "0:01:11"]

1. e4 c5 2. Nf3 Nc6 3. d4 cxd4 4. Nxd4 Nf6 5. Nc3 d6 6. Be2 a6 7. O-O Qc7 8. Be3 g6 9. Nd5 Nxd5 10. exd5 Ne5 11. c4 Bg7 12. Rc1 O-O 13. h3 b6 14. f4 Nd7 15. Nc6 Re8 16. Bd4 b5 17. cxb5 Qb7 18. bxa6 Rxa6 19. Bxg7 Kxg7 20. Qd4+ Kg8 21. Bxa6 Qxa6 22. a4 Nf6 23. Nxe7+ 1-0


[Site "https://www.chess.com"]

[Event "Titled Tuesday Blitz April 25 Late 2023"]
[White "Toma, Katarzyna"]
[Black "Manukyan, Sargis A."]
[WhiteFideId "1119907"]
[BlackFideId "13303970"]
[WhiteElo "2149"]
[BlackElo "2187"]
[Result "0-1"]
[Round "02"]
[TimeControl "180+2"]
[Date "2023.04.25"]
[WhiteClock "0:00:08"]
[BlackClock "0:01:21"]

1. e4 c5 2. Nf3 d6 3. Bb5+ Bd7 4. c4 Nf6 5. Nc3 Nc6 6. d4 cxd4 7. Nxd4 g6 8. O-O Bg7 9. Nde2 O-O 10. h3 a6 11. Ba4 Rb8 12. Be3 Ne5 13. Bxd7 Qxd7 14. b3 b5 15. cxb5 axb5 16. Rc1 b4 17. Na4 Nxe4 18. Qd5 Nf6 19. Qd2 Qb5 20. f4 Nc6 21. Rc4 Nd5 22. Bf2 Na5 23. Re4 f5 24. Nd4 Qb7 25. Re2 e5 26. Ne6 Nxf4 27. Nxf8 Qxg2# 0-1


[Site "https://www.chess.com"]

[Event "Titled Tuesday Blitz April 25 Late 2023"]
[White "Chigaev, Maksim"]
[Black "Marczuk, Dominik"]
[WhiteFideId "4108116"]
[BlackFideId "1111264"]
[WhiteElo "2547"]
[BlackElo "2174"]
[Result "1-0"]
[Round "02"]
[TimeControl "180+2"]
[Date "2023.04.25"]
[WhiteClock "0:01:29"]
[BlackClock "0:00:02"]

1. d4 Nf6 2. Bg5 d5 3. e3 e6 4. Nd2 Be7 5. Bd3 O-O 6. Bxf6 Bxf6 7. f4 c5 8. c3 Nd7 9. Ngf3 b6 10. h4 Bb7 11. Qe2 Be7 12. g4 f6 13. Ng5 fxg5 14. hxg5 g6 15. Qh2 Rf7 16. Bxg6 Nf8 17. Bxf7+ Kxf7 18. Qh5+ Kg8 19. g6 hxg6 20. Qh8+ Kf7 21. Nf3 Ke8 22. Ne5 Bf6 23. Qg8 Bxe5 24. Rh7 Qf6 25. dxe5 1-0


[Site "https://www.chess.com"]

[Event "Titled Tuesday Blitz April 25 Late 2023"]
[White "Kuzubov, Yuriy"]
[Black "Karas, Marek"]
[WhiteFideId "14112906"]
[BlackFideId "14928558"]
[WhiteElo "2496"]
[BlackElo "2233"]
[Result "1-0"]
[Round "02"]
[TimeControl "180+2"]
[Date "2023.04.25"]
[WhiteClock "0:02:24"]
[BlackClock "0:01:56"]

1. d4 Nf6 2. c4 e6 3. Nc3 d5 4. Nf3 c5 5. cxd5 Nxd5 6. e4 Nxc3 7. bxc3 cxd4 8. cxd4 Bb4+ 9. Bd2 Bxd2+ 10. Qxd2 O-O 11. Bb5 Nd7 12. O-O b6 13. Rfe1 Bb7 14. a4 Nf6 15. Bd3 h6 16. h3 Re8 17. a5 bxa5 18. Rxa5 Qe7 19. Bb1 Red8 20. Qf4 Nh5 21. Rxh5 1-0


[Site "https://www.chess.com"]

[Event "Titled Tuesday Blitz April 25 Late 2023"]
[White "Ghazarian, Kirk"]
[Black "Tworuszka, Michal"]
[WhiteFideId "30908604"]
[BlackFideId "1117858"]
[WhiteElo "2346"]
[BlackElo "2260"]
[Result "1-0"]
[Round "02"]
[TimeControl "180+2"]
[Date "2023.04.25"]
[WhiteClock "0:00:08"]
[BlackClock "0:00:14"]

1. d4 Nf6 2. Bf4 d5 3. Nf3 e6 4. e3 Bd6 5. c3 O-O 6. Nbd2 c5 7. Ne5 Qc7 8. Bd3 Nbd7 9. Nxd7 Bxd7 10. Bxd6 Qxd6 11. f4 cxd4 12. cxd4 Qb6 13. Qb3 Rfc8 14. Ke2 Rc7 15. Rhc1 Rac8 16. Qxb6 axb6 17. Rxc7 Rxc7 18. h3 Kf8 19. g4 g6 20. Rg1 Ne8 21. h4 Nd6 22. h5 Bb5 23. Bxb5 Nxb5 24. Kd3 Nd6 25. h6 Ke7 26. a4 f6 27. Ra1 Nf7 28. Rh1 Rc8 29. Nf3 Rc4 30. b3 Rc8 31. g5 f5 32. Ra1 Ra8 33. Rc1 Kd7 34. Ra1 Ra7 35. b4 Ra8 36. a5 bxa5 37. bxa5 Ra6 38. Rb1 Kc7 39. Rb5 b6 40. axb6+ Rxb6 41. Ra5 Rb3+ 42. Ke2 Rb2+ 43. Kd1 Kb7 44. Ra3 Rf2 45. Nd2 Nd6 46. Ke1 Rh2 47. Rb3+ Kc7 48. Rc3+ Kb7 49. Nb3 Rh1+ 50. Ke2 Rh2+ 51. Kf1 Ne4 52. Nc5+ Nxc5 53. dxc5 Kc6 54. Rb3 Kxc5 55. Rb7 Kc4 56. Rxh7 Kd3 57. Kg1 Rh4 58. Kf2 Rh2+ 59. Kg3 Rh5 60. Re7 Kxe3 61. Rxe6+ Kd2 62. Rxg6 d4 63. Rf6 d3 64. Rxf5 Ke3 65. Re5+ Kd4 66. Re8 d2 67. Rd8+ Ke3 68. Kg4 Rh1 69. Kf5 d1=Q 70. Rxd1 Rxd1 71. h7 Rh1 72. g6 Rf1 73. h8=Q Rxf4+ 74. Kg5 Re4 75. Qh3+ Kd4 76. Qd7+ Ke3 77. g7 1-0


[Site "https://www.chess.com"]

[Event "Titled Tuesday Blitz April 25 Late 2023"]
[White "Koziorowicz, Michal"]
[Black "Novikova, Galina"]
[WhiteFideId "21809194"]
[BlackFideId "4157095"]
[WhiteElo "2255"]
[BlackElo "1953"]
[Result "0-1"]
[Round "02"]
[TimeControl "180+2"]
[Date "2023.04.25"]
[WhiteClock "0:00:55"]
[BlackClock "0:00:57"]

1. e4 e6 2. b3 d5 3. Bb2 dxe4 4. Nc3 Nf6 5. Qe2 Nc6 6. Nxe4 Nd4 7. Nxf6+ Qxf6 8. Qe4 Nf3+ 9. Nxf3 Qxb2 10. Bb5+ c6 11. Bxc6+ bxc6 12. Qxc6+ Kd8 13. O-O Rb8 14. Rfe1 Bb7 15. Qb5 Bd6 16. Ng5 Qf6 17. Re3 Bd5 18. Qa6 Qxa1+ 0-1


[Site "https://www.chess.com"]

[Event "Titled Tuesday Blitz April 25 Late 2023"]
[White "Bernat, David"]
[Black "Wieczorek, Oskar"]
[WhiteFideId "2099225"]
[BlackFideId "1133950"]
[WhiteElo "1862"]
[BlackElo "2418"]
[Result "0-1"]
[Round "02"]
[TimeControl "180+2"]
[Date "2023.04.25"]
[WhiteClock "0:00:01"]
[BlackClock "0:01:20"]

1. c4 g6 2. g3 Bg7 3. Bg2 e5 4. Nc3 f5 5. e4 d6 6. Nge2 Nc6 7. O-O Nf6 8. d3 O-O 9. exf5 Bxf5 10. h3 Qd7 11. Kh2 Nb4 12. d4 Nc2 13. Rb1 Nxd4 14. Nxd4 exd4 15. Qxd4 Ng4+ 16. Qxg4 Bxg4 17. hxg4 c6 18. Ne4 Qxg4 19. Be3 Rae8 20. Nxd6 Rxe3 21. fxe3 Rxf1 22. Rxf1 Be5 23. Ne4 Qe2 24. Nf6+ Bxf6 25. Rxf6 Qxb2 26. Rd6 Qxa2 27. Rd8+ Kf7 28. Rd7+ Kf6 29. Rxb7 a5 30. Rb6 a4 31. Rxc6+ Ke7 32. Rc7+ Kf6 33. Rc6+ Ke7 34. Kh3 a3 35. Bd5 Qb3 36. Rc7+ Kd6 37. Rxh7 Qxe3 38. Ra7 Qxa7 0-1


[Site "https://www.chess.com"]